 Dungeon Crawl Stone Soup version 0.23-a0-819-g6debee6 (console) character file.

18 Duffy the Firebug (level 2, 15/15 HPs)
             Began as a Deep Elf Fire Elementalist on Jan 22, 2019.
             Was a Follower of Okawaru.
             Quit the game on level 3 of the Dungeon.
             The game lasted 00:00:37 (554 turns).

Duffy the Firebug (Deep Elf Fire Elementalist)       Turns: 554, Time: 00:00:38

Health: 15/15      AC:  2    Str:  5    XL:     2   Next: 48%
Magic:  4/8        EV: 17    Int: 19    God:    Okawaru [*.....]
Gold:   16         SH:  0    Dex: 15    Spells: 6/7 levels left

rFire    . . .     SeeInvis .     - Unarmed
rCold    . . .     Gourm    .   (no shield)
rNeg     . . .     Faith    .   a - +0 robe
rPois    .         Spirit   .   (no helmet)
rElec    .         Reflect  .   (no cloak)
rCorr    .         Harm     .   (no gloves)
MR       .....                  (no boots)
Stlth    ++++......             (no amulet)
HPRegen  0.05/turn              (no ring)
MPRegen  0.11/turn              (no ring)

@: heroism
A: no striking features
a: Heroism, Renounce Religion


You were on level 3 of the Dungeon.
You worshipped Okawaru.
Okawaru was aware of your devotion.
You were not hungry.

You visited 1 branch of the dungeon, and saw 3 of its levels.

You collected 16 gold pieces.

Inventory:

Armour
 a - a +0 robe (worn)
Scrolls
 d - a scroll of enchant weapon {unknown}
 e - a scroll of remove curse {unknown}
 f - a scroll of immolation {unknown}
Comestibles
 b - 3 chunks of flesh
 c - a ration


   Skills:
 - Level 2.4(7.4) Dodging
 - Level 2.4(7.4) Stealth
 - Level 3.0 Spellcasting
 + Level 2.8 Conjurations
 - Level 3.2 Fire Magic


You had 6 spell levels left.
You knew the following spells:

 Your Spells              Type           Power        Failure   Level  Hunger
h - Flame Tongue          Conj/Fire      ##...        4%          1    None

Your spell library contained the following spells:

 Spells                   Type           Power        Failure   Level  Hunger
 Throw Flame              Conj/Fire      ##....       6%          2    ##.....
 Conjure Flame            Conj/Fire      ##......     13%         3    ###....
 Inner Flame              Hex/Fire       #.......     24%         3    ###....
 Sticky Flame             Conj/Fire      ##......     38%         4    ####...
 Fireball                 Conj/Fire      ##........   75%         5    ######.


Dungeon Overview and Level Annotations

Branches:
Dungeon (3/15)

Altars:
Okawaru


Message History

You can now gain great but temporary skills.
Casting: Flame Tongue (safe; 4% risk of failure)
Confirm with . or Enter, or press ? or * to list all spells.
Aiming: Flame Tongue (safe; 4% risk of failure)
Press: ? - help, Shift-Dir - straight line, f - giant cockroach
Aim: a giant cockroach (clinging, resting)
The flame tongue hits the giant cockroach but does no damage.
Casting: Flame Tongue (safe; 4% risk of failure)
Confirm with . or Enter, or press ? or * to list all spells.
Aiming: Flame Tongue (safe; 4% risk of failure)
Press: ? - help, Shift-Dir - straight line, f/p - giant cockroach
Aim: a giant cockroach (clinging)
The flame tongue hits the giant cockroach!
You kill the giant cockroach!
Okawaru accepts your kill.
Casting: Flame Tongue (safe; 4% risk of failure)
Confirm with . or Enter, or press ? or * to list all spells.
You can't see any susceptible monsters within range! (Use Z to cast anyway.)
You gain the combat prowess of a mighty hero.
Are you sure you want to abandon this character and quit the game? (Confirm with "yes".)

##+###.....#
#...##.....#
#...##.....##.
#..........<#.
#########.###...).)..
#..(...$#.# #......#.
#(..#.....# #....).#.
#.$#.#..##.....)...#
#@_.#.#..........#
#...#.#..#......###.#
#....#...#....... ..#
#........#....... .##
#.##..####......# #.
... $...... # ###


There were no monsters in sight!

Vanquished Creatures
  A dart slug (D:3)
  A leopard gecko (D:1)
  3 orcs (D:3)
  A giant cockroach (D:3)
  A bat (D:1)
  A frilled lizard (D:2)
  3 goblins
  A kobold (D:3)
  A rat (D:1)
13 creatures vanquished.

Notes
Turn   | Place    | Note
-------+----------+-------------------------------------------
     0 | D:1      | Duffy the Deep Elf Fire Elementalist began the quest for
                  | the Orb.
     0 | D:1      | Reached XP level 1. HP: 10/10 MP: 6/6
   240 | D:3      | Reached XP level 2. HP: 15/15 MP: 1/8
   543 | D:3      | Found a faded altar of an unknown god.
   549 | D:3      | Became a worshipper of Warmaster Okawaru
   549 | D:3      | Reached * piety under Okawaru
   554 | D:3      | Quit the game

Vault maps used:
D:1:      lightli_arrival_flooded_house
D:2:      grunt_ministairs_9
D:3:      first_ration, chequers_ecumenical_altar_simple_redux

Skill      XL: |  1 |
---------------+----+-----
Conjurations   | 2 |  2.8
Dodging        | |  2.4
Stealth        | |  2.4
Spellcasting   | |  3.0
Fire Magic     | |  3.2

Action                   || total
-------------------------++-------
 Cast: Flame Tongue      ||    22
Invok: Heroism           ||     1
Armor: Robe              ||     3
Dodge: Dodged            ||     8

Table legend:
 A = Non-vault XP
 B = Vault XP
 C = Vault XP percentage of total XP
 D = Non-vault monster count
 E = Vault monster count
 F = Vault count percentage of total count
                 A         B        C        D         E       F
            +---------+---------+-------+---------+---------+-------
      Total |      26 |       0 |   0.0 |      13 |       0 |   0.0
            +---------+---------+-------+---------+---------+-------
        D:1 |       6 |       0 |   0.0 |       4 |       0 |   0.0
        D:2 |       1 |       0 |   0.0 |       1 |       0 |   0.0
        D:3 |      19 |       0 |   0.0 |       8 |       0 |   0.0
            +---------+---------+-------+---------+---------+-------
